AoeStats
← thenewt7

Arabia

510384920Analyzed
1v1 RM · 1d ago on Sep 30, 2026· 75m 58s· 2 players
Game mode
Random Map
Map size
Tiny (2 player)
Population
200
Speed
Normal
Resources
Standard
Victory
Conquest
Starting age
Dark Age
Ending age
Imperial Age
RankedLock teamsTeams togetherTeam positionsShared explorationLock speedFull tech treeHidden civsTurbo modeCheats
Victory
Defeat
🇺🇸 Saxons · United States
939
+16
🇨🇴 Turks · Colombia
936
-16
Dovalle95
7:04 Loom
10:27 Feudal Age
12:23 Double-Bit Axe
12:22 Horse Collar
17:32 Scale Barding Armor
17:38 Forging
18:13 Bloodlines
23:33 Castle Age
24:17 Husbandry
25:19 Bow Saw
27:04 Chain Barding Armor
27:20 Iron Casting
31:19 Scale Mail Armor
32:53 Chain Mail Armor
38:37 Imperial Age
39:03 Elite Janissary
41:55 Wheelbarrow
43:15 Heavy Plow
43:02 Town Watch
44:23 Plate Barding Armor
46:13 Ballistics
45:54 Murder Holes
47:42 Sipahi
51:41 Blast Furnace
53:06 Artillery
55:08 Cavalier
71:30 Thumb Ring
thenewt7
0:37 Loom
10:46 Feudal Age
11:15 Double-Bit Axe
11:13 Horse Collar
12:13 Man-at-Arms
15:34 Arson
16:28 Forging
17:10 Scale Mail Armor
23:55 Castle Age
24:01 Long Swordsman
24:32 Gambesons
24:48 Squires
25:25 Bow Saw
25:18 Heavy Plow
26:17 Iron Casting
26:55 Pikeman
29:39 Chain Mail Armor
39:07 Imperial Age
39:59 Ballistics
40:37 Plate Mail Armor
39:46 Shield Wall
42:07 Two-Man Saw
42:22 Wheelbarrow
41:35 Town Watch
41:52 Elite Varangian Guard
44:19 Halberdier
45:35 Conscription
46:02 Fletching
46:13 Padded Archer Armor
46:32 Hand Cart
46:30 Elite Hearth Troop
47:30 Elite Skirmisher
49:33 Bodkin Arrow
49:54 Leather Archer Armor
53:58 Town Patrol
54:02 Bracer
54:33 Ring Archer Armor
54:21 Crossbowman
55:06 Thumb Ring
57:07 Chemistry
55:40 Arbalester
61:54 Capped Ram
62:55 Siege Ram
67:58 Murder Holes
Connection lost

Rejoining the realm…

Still unreachable

The connection could not be restored.

Session expired

The server has moved on; the page needs a fresh start.